 Dungeon Crawl Stone Soup version 0.14.0-12-g87ee3b7 (webtiles) character file.

2986 4tharraofdagon the Conjurer (level 9, -5/44 (45) HPs)
             Began as a Tengu Fire Elementalist on Apr 15, 2014.
             Was a Priest of Vehumet.
             Shot with an arrow by a centaur (12 damage)
             ... on Level 8 of the Dungeon.
             The game lasted 00:26:40 (2798 turns).

4tharraofdagon the Conjurer (TeFE)                  Turns: 2798, Time: 00:26:40

HP  -5/44 (45)   AC  4     Str  8      XL: 9   Next: 70%
MP  10/23        EV 13     Int 18      God: Vehumet [***...]
Gold 204         SH  0     Dex 16      Spells:  4 memorised,  5 levels left

rFire  . . .     SeeInvis .     A - +2,+1 long sword (venom)
rCold  . . .     Clarity  .     a - +1 robe (curse)
rNeg   . . .     Conserve .     (no shield)
rPois  .         rCorr    .     e - +1 hat
rElec  .         rRot     .     (no cloak)
SustAb . .       Spirit   .     (no gloves)
rMut   .         Warding  .     (boots unavailable)
Saprov . . .     Stasis   .     (no amulet)
MR     .....                    (no ring)
                                (no ring)

@: very slightly contaminated, not resistant to hostile enchantments, fairly
stealthy
A: able to fly, beak, talons 3
a: Fly, Renounce Religion


You were on level 8 of the Dungeon.
You worshipped Vehumet.
Vehumet was most pleased with you.
You were very hungry.

You visited 2 branches of the dungeon, and saw 12 of its levels.
You also visited: Ossuary.

You collected 204 gold pieces.

Inventory:

Hand weapons
 h - a cursed +0,+0 club
 r - a +0,+0 short sword
 A - a +2,+1 long sword of venom (weapon)
Missiles
 j - 3 throwing nets
 o - 12 curare-tipped needles
 q - a dart (quivered)
Armour
 a - a cursed +1 robe (worn)
 e - a +1 hat (worn)
 l - a cursed +0 pair of boots
Magical devices
 v - a wand of slowing (14)
 E - a wand of teleportation (2)
Comestibles
 c - 4 bread rations
 f - 4 meat rations
Scrolls
 d - a scroll of noise {unknown}
 k - a scroll of random uselessness
 p - a scroll of holy word {unknown}
 s - a scroll of summoning {unknown}
 t - 3 scrolls of enchant armour
 w - 2 scrolls of identify
 x - 2 scrolls of teleportation {unknown}
Jewellery
 i - a cursed amulet of guardian spirit
 n - a cursed amulet of warding
 D - an uncursed amulet of stasis {unknown}
Potions
 u - a potion of confusion
 z - a potion of might
 B - a potion of resistance
 C - a potion of flight
Books
 b - a book of Flames

   Spells                             Type                      Level
   *Flame Tongue                      Conjuration/Fire             1
   Throw Flame                        Conjuration/Fire             2
   *Conjure Flame                     Conjuration/Fire             3
   Inner Flame                        Hexes/Fire                   3
   *Sticky Flame                      Conjuration/Fire             4
   *Fireball                          Conjuration/Fire             5


   Skills:
 - Level 2.1 Dodging
 - Level 2.0 Stealth
 + Level 5.3 Spellcasting
 * Level 10.8 Conjurations
 * Level 9.7 Fire Magic


You had 5 spell levels left.
You knew the following spells:

 Your Spells              Type           Power        Failure   Level  Hunger
a - Flame Tongue          Conj/Fire      #####        1%          1    None
b - Conjure Flame         Conj/Fire      #####...     1%          3    ###....
c - Sticky Flame          Conj/Fire      #####...     1%          4    ####...
d - Fireball              Conj/Fire      #####.....   1%          5    #####..


Dungeon Overview and Level Annotations

Branches:
Dungeon (11/15)            Temple (1/1) D:6            Lair (0/8) D:8
    Orc: D:9-12

Altars:
Cheibriados
Dithmenos
Elyvilon
Fedhas
Kikubaaqudgha
Makhleb
Okawaru
Sif Muna
Trog
Vehumet
Xom
Yredelemnul
Zin

Shops:
D:7 }

Annotations:
D:6 Natasha
D:8 Erolcha, Grum
D:11 Harold


Innate Abilities, Weirdness & Mutations

You can fly.
You have a beak for a mouth.
You have claws for feet.


Message History

Unknown command.
Read which item? (? for menu, Esc to quit)
As you read the scroll labeled GRELUEWNIOFE, it crumbles to dust.
Blink to where?
Press: ? - help, Dir - move target cursor You are very lightly contaminated with residual magic.
It was a scroll of blinking.
Unknown command.
Really walk into that teleport trap?
You enter a teleport trap!
Your surroundings suddenly seem different.
Found a scroll of enchant armour.
Found 17 gold pieces.
t - 3 scrolls of enchant armour (gained 1)
You now have 204 gold pieces (gained 17).
A centaur comes into view.
The centaur shouts!
The centaur wields a runed bow.
The centaur shoots an arrow.
The arrow hits you!
You die...

.# #.#*#..# ## #.#
...# #c#,##.# #
******* #.#,**.# #
*,,,, #...,,.#
#***,,,,,*####.####
#.. ,,,,,*#..,...#
..# ,,,,,*#.#*.#.#
..#*,,,,, #.##.#@#
..# ****###.#..#.#
#.# *,,,,...#.##.#
,,* *,****#.#.##.#
, * ,#####......# ,
,,, ,..##.#.####
,,**#,*#.##.#.# ,**
#.##.##.#.# .#
#.........#


You could see a centaur.

Vanquished Creatures
  2 two-headed ogres (D:8)
  A troll (D:9)
  2 hungry ghosts
  2 necrophages
  2 water moccasins
  A sky beast (D:10)
  An orc warrior (D:8)
  A phantom (D:10)
  An ice beast (D:10)
  3 ogres
  A big kobold (D:10)
  A giant frog (D:7)
  A scorpion (D:4)
  A hippogriff skeleton (D:7)
  2 goliath beetles
  A centaur zombie (Ossuary)
  A hound (D:8)
  2 orc priests
  3 iguanas
  An orc wizard (D:8)
  2 worker ants (D:5)
  2 big kobold zombies (Ossuary)
  Ijyb (D:4)
  4 mummies (Ossuary)
  3 adders
  5 worms
  A giant eyeball (D:8)
  A giant gecko (D:8)
  7 orcs
  2 ball pythons
  4 hobgoblins
  8 jackals
  6 quokkas
  5 bats
  2 giant cockroaches
  A giant spore (D:6)
  3 goblins
  A hobgoblin skeleton (D:6)
  4 hobgoblin zombies (Ossuary)
  9 kobolds
  An orc skeleton (D:7)
  3 rats
  A fungus (D:8)
106 creatures vanquished.

Vanquished Creatures (others)
  2 mummies (Ossuary)
  A kobold skeleton (D:6)
  A fungus (D:8)
4 creatures vanquished.

Grand Total: 110 creatures vanquished

Notes
Turn   | Place    | Note
--------------------------------------------------------------
     0 | D:1      | 4tharraofdagon, the Tengu Fire Elementalist, began the quest for the Orb.
     0 | D:1      | Reached XP level 1. HP: 10/10 MP: 3/3
   186 | D:3      | Reached XP level 2. HP: 1/15 MP: 0/5
   231 | D:5      | Entered Level 5 of the Dungeon
   288 | D:6      | Found a staircase to the Ecumenical Temple.
   298 | Temple   | Entered the Ecumenical Temple
   318 | Temple   | Became a worshipper of Vehumet
   444 | D:6      | Found a white marble altar of Elyvilon.
   501 | D:5      | Found a sand-covered staircase.
   505 | Ossuary  | Entered an ossuary
   515 | Ossuary  | Reached XP level 3. HP: 12/19 MP: 2/7
   525 | Ossuary  | Reached skill level 4 in Fire Magic
   563 | Ossuary  | Reached XP level 4. HP: 18/24 MP: 0/8
   664 | Ossuary  | Learned a level 3 spell: Conjure Flame
   734 | Ossuary  | Reached XP level 5. HP: 19/28 MP: 0/11
   827 | D:5      | Found a glowing silver altar of Zin.
   835 | D:5      | Found an iron altar of Okawaru.
   835 | D:5      | Found a shimmering altar of Xom.
   836 | D:5      | Found a shadowy altar of Dithmenos.
   984 | D:5      | Learned a level 4 spell: Sticky Flame
   991 | D:5      | Acquired Vehumet's first power
   991 | D:5      | Offered knowledge of Shock by Vehumet.
   991 | D:5      | Reached skill level 5 in Conjurations
   991 | D:5      | Reached skill level 5 in Fire Magic
  1215 | D:6      | Noticed Natasha
  1318 | D:4      | Reached XP level 6. HP: 32/32 MP: 10/13
  1321 | D:4      | Noticed Ijyb
  1330 | D:4      | Killed Ijyb
  1478 | D:4      | Noticed a scorpion
  1485 | D:4      | Killed a scorpion
  1527 | D:5      | Noticed an ogre
  1534 | D:5      | Killed an ogre
  1652 | D:7      | Reached skill level 6 in Conjurations
  1652 | D:7      | Reached XP level 7. HP: 3/36 MP: 7/16
  1692 | D:7      | Found Qiets' Gadget Shoppe.
  1753 | D:7      | HP: 1/36 [iguana (10)]
  1915 | D:8      | Noticed a wandering mushroom
  1931 | D:8      | Found a staircase to the Lair.
  1932 | D:8      | Noticed Erolcha
  1946 | D:8      | Reached skill level 7 in Conjurations
  1976 | D:8      | Reached XP level 8. HP: 25/40 MP: 2/19
  2062 | D:8      | Offered knowledge of Searing Ray by Vehumet.
  2063 | D:8      | Noticed a two-headed ogre
  2063 | D:8      | Reached skill level 8 in Conjurations
  2070 | D:8      | Killed a two-headed ogre
  2092 | D:8      | Paralysed by a giant eyeball for 4 turns
  2175 | D:8      | Noticed a two-headed ogre
  2179 | D:8      | Killed a two-headed ogre
  2179 | D:8      | Reached skill level 9 in Conjurations
  2205 | D:8      | Learned a level 5 spell: Fireball
  2242 | D:8      | Noticed a hungry ghost
  2247 | D:8      | Killed a hungry ghost
  2247 | D:8      | Reached XP level 9. HP: 41/44 MP: 21/21
  2276 | D:8      | HP: 1/44 [Erolcha/fireball (29)]
  2539 | D:10     | Entered Level 10 of the Dungeon
  2560 | D:11     | Noticed Harold
  2569 | D:10     | Found an ancient bone altar of Kikubaaqudgha.
  2581 | D:10     | Offered knowledge of Mephitic Cloud by Vehumet.
  2583 | D:10     | Reached skill level 10 in Conjurations
  2590 | D:10     | Reached skill level 5 in Spellcasting
  2637 | D:10     | Acquired Vehumet's second power
  2776 | D:8      | Noticed Grum
  2798 | D:8      | Shot with an arrow by a centaur

Action                   |  1- 3 |  4- 6 |  7- 9 || total
-------------------------+-------+-------+-------++-------
Melee: Unarmed           |    10 |    27 |     1 ||    38
       Long sword        |       |       |    41 ||    41
Throw: Dart              |     3 |     3 |       ||     6
       Throwing net      |       |     3 |       ||     3
 Cast: Flame Tongue      |    36 |    51 |    77 ||   164
       Conjure Flame     |       |     5 |    12 ||    17
       Sticky Flame      |       |     3 |    12 ||    15
       Fireball          |       |       |     8 ||     8
Evoke: Wand              |       |     2 |     7 ||     9
  Use: Scroll            |     4 |     2 |     6 ||    12
       Potion            |     1 |     2 |     9 ||    12
